 Dungeon Crawl Stone Soup version 0.30.1-3-gfc49f6343a (webtiles) character file.

Game seed: 16020937477061971425

8749 spardeous the Geomancer (level 10, -14/86 HPs)
             Began as a Demigod Earth Elementalist on July 20, 2023.
             Killed from afar by a deep elf pyromancer (18 damage)
             ... with a bolt of fire
             ... on level 10 of the Dungeon.
             The game lasted 00:18:57 (10248 turns).

spardeous the Geomancer (DgEE)                     Turns: 10248, Time: 00:18:58

Health: -14/86     AC: 40    Str: 19    XL:     10   Next: 91%
Magic:  8/28       EV:  8    Int: 25    God:
Gold:   608        SH:  0    Dex: 14    Spells: 24/28 levels left

rFire   . . .        w - +1 scythe (protect)
rCold   . . .        (shield currently unavailable)
rNeg    . . .        I - +18 Lear's hauberk
rPois   .            (helmet currently unavailable)
rElec   .            L - +2 cloak
rCorr   .            (gloves currently unavailable)
SInv    .            (boots currently unavailable)
Will    +....        j - amulet of the acrobat Stlth
                     c - +4 ring of protection
HPRegen 0.34/turn    N - +6 ring of strength
MPRegen 0.21/turn

%: acrobat
@: under a protective aura
A: high MP 1, forlorn, divine attributes
a: no special abilities


You were on level 10 of the Dungeon.
You visited 2 branches of the dungeon, and saw 11 of its levels.

You collected 608 gold pieces.

Inventory:

Hand Weapons
 w - a +1 scythe of protection (weapon)
 K - a +3 quarterstaff of chaos
Armour
 e - a +1 pair of gloves
 o - a +0 leather armour
 r - a +1 ring mail of fire resistance
 x - a +1 robe of cold resistance
 y - an orb of wrath
 A - a +2 pair of boots
 F - a +0 helmet
 I - the +18 Lear's hauberk (worn)
   (You found it on level 7 of the Dungeon)
 L - a +2 cloak (worn)
 O - +0 steam dragon scales
 V - a +2 robe of the Archmagi
Jewellery
 c - a +4 ring of protection (left hand)
 j - an amulet of the acrobat (around neck)
 D - a ring of poison resistance
 M - a ring of wizardry
 N - a +6 ring of strength (right hand)
Wands
 a - a wand of flame (22)
 E - a wand of polymorph (19)
Scrolls
 f - 4 scrolls of noise {unknown}
 h - 2 scrolls of amnesia {unknown}
 k - a scroll of poison {unknown}
 l - a scroll of summoning {unknown}
 p - 2 scrolls of fog {unknown}
 s - 7 scrolls of identify {unknown}
 v - 4 scrolls of immolation {unknown}
 B - 2 scrolls of enchant weapon {unknown}
 C - 3 scrolls of teleportation {unknown}
 H - a scroll of enchant armour {unknown}
 J - a scroll of torment {unknown}
 P - 3 scrolls of blinking {unknown}
 Q - 3 scrolls of fear {unknown}
 S - a scroll of silence {unknown}
Potions
 b - 2 potions of magic
 d - 10 potions of curing {unknown}
 g - 4 potions of brilliance {unknown}
 i - 3 potions of resistance {unknown}
 m - 5 potions of might {unknown}
 n - 3 potions of ambrosia {unknown}
 q - 2 potions of lignification {unknown}
 t - a potion of flight {unknown}
 u - 4 potions of mutation {unknown}
 z - a potion of cancellation {unknown}
 G - a potion of heal wounds
 R - a potion of degeneration {unknown}
 T - 2 potions of attraction {unknown}
 U - a potion of berserk rage {unknown}


   Skills:
 + Level 7.2 Fighting
 - Level 1.7 Dodging
 - Level 1.7 Stealth
 + Level 9.9 Spellcasting
 - Level 0.8 Transmutations
 - Level 10.0 Earth Magic


You had 24 spell levels left.
You knew the following spells:

 Your Spells              Type           Power      Damage    Failure   Level
a - Sandblast             Erth           100%       2d20      1%          1
b - Stone Arrow           Conj/Erth      74%        3d11      19%         3

Your spell library contained the following spells:

 Spells                   Type           Power      Damage    Failure   Level
 Passwall                 Tmut/Erth      32%        N/A       8%          2
 Wereblood                Tmut           16%        N/A       45%         2
 Petrify                  Tmut/Erth      39%        N/A       45%         4
 Blink                    Tloc           24%        N/A       58%         2
 Lesser Beckoning         Tloc           24%        N/A       58%         2
 Momentum Strike          Conj/Tloc      24%        3d8       58%         2
 Sublimation of Blood     Necr           12%        N/A       58%         2
 Hailstorm                Conj/Ice       12%        3d5       83%         3
 Inner Flame              Hex/Fire       12%        N/A       83%         3
 Flame Wave               Conj/Fire      12%        2d6       99%         4
 Ice Form                 Ice/Tmut       14%        N/A       99%         4
 Sticky Flame             Conj/Fire      12%        2d4       99%         4
 Simulacrum               Ice/Necr       6%         N/A       100%        6
 Summon Hydra             Summ           6%         N/A       100%        7


Dungeon Overview and Level Annotations

Branches:
Dungeon (10/15)            Temple (1/1) D:6             Orc (0/2) D:10
   Lair: D:8-11

Shops:
D:1 !   D:5 [

Annotations:
D:5 1 runed translucent door, coffeetime's ghost, novice MiBe


Innate Abilities, Weirdness & Mutations

You have an increased reservoir of magic. (+10% MP)
You shall have no god before yourself.
Your divine heritage dramatically boosts your attributes as you level up.


Message History

The gnoll sergeant hits you but does no damage.
You puncture the troll!
Your weapon exudes an aura of protection.
The troll is almost dead.
The gnoll sergeant hits you but does no damage.
The deep elf pyromancer gestures wildly while chanting.
The deep elf pyromancer blinks!
The troll bites you but does no damage. The troll completely misses you.
The troll claws you but does no damage.
You closely miss the troll.
The troll is almost dead.
The gnoll sergeant barely misses you. The troll closely misses you.
The troll claws you but does no damage. x2
The troll bites you but does no damage. The troll claws you but does no damage.
The troll claws you.
* * * LOW HITPOINT WARNING * * *
The gnoll sergeant hits you but does no damage.
You barely miss the troll.
The troll is almost dead.
The gnoll sergeant hits you from afar with a +2 spear of flaming.
* * * LOW HITPOINT WARNING * * *
The gnoll sergeant burns you.
* * * LOW HITPOINT WARNING * * *
The troll bites you but does no damage. The troll barely misses you. x2
You barely miss the troll.
The troll is severely wounded.
The gnoll sergeant hits you but does no damage.
The troll bites you!
* * * LOW HITPOINT WARNING * * *
The troll claws you but does no damage. x2
The troll bites you but does no damage. The troll claws you but does no damage.
The troll claws you!
* * * LOW HITPOINT WARNING * * *
The gnoll sergeant closely misses you.
You slash the troll!
Your weapon exudes an aura of protection.
You kill the troll!
The gnoll sergeant hits you but does no damage.
The deep elf pyromancer casts a spell at you.
The bolt of fire hits you!!
You die...

#.# #.###..>#
####.#####.#######
#.###.....(..#
##.#.#####.#.#
##..# #.#.# ##.#
#.#.# #.# ##.#.#
#.####e...####
#...@)g......#
#########..###
#''# ....# ......#
+..g.g.'.
+......+. #.!...o#
e#....#$


You could see a deep elf pyromancer and a gnoll sergeant.

Vanquished Creatures
  The ghost of Wiggles the Cleaver, a novice MiBe of Trog (D:7)
  A manticore (D:6)
  An ugly thing (D:8)
  A moth of wrath (D:7)
  3 trolls
  The ghost of bairyn the Cutter, a novice SpRe of Sif Muna (D:6)
  Grinder (D:3)
  A hornet (D:7)
  Sigmund (D:3)
  8 yaks
  A vampire (D:9)
  A wraith (D:9)
  Grum (D:8)
  3 steam dragons
  Edmund (D:5)
  An acid dragon (D:9)
  A water moccasin (D:8)
  Duvessa (D:6)
  An ice beast (D:5)
  An orc warrior (D:9)
  5 black bears
  3 wolves (D:8)
  3 ogres
  4 centaurs
  A phantom (D:5)
  A kobold brigand (D:10)
  A gnoll sergeant (D:6)
  3 bullfrogs
  5 scorpions
  4 wights (D:9)
  Dowan (D:6)
  4 killer bees (D:8)
  2 howler monkeys
  3 jellies (D:5)
  A hound (D:5)
  Crazy Yiuf (D:6)
  5 orc priests
  3 iguanas
  Terence (D:3)
  Jessica (D:2)
  5 orc wizards
  8 gnolls
  12 adders
  A shadow imp (D:7)
  3 white imps
  2 worms
  2 dart slugs
  26 orcs
  8 endoplasms
  5 giant cockroaches
  8 goblins
  6 hobgoblins
  10 jackals
  9 kobolds
  A quokka (D:5)
  9 ball pythons
  5 bats
  3 frilled lizards
  6 rats
212 creatures vanquished.

Notes
Turn   | Place    | Note
-------+----------+-------------------------------------------
     0 | D:1      | spardeous the Demigod Earth Elementalist began the quest
                  | for the Orb.
     0 | D:1      | Reached XP level 1. HP: 14/14 MP: 5/5
   154 | D:1      | Reached skill level 3 in Earth Magic
   250 | D:1      | Reached XP level 2. HP: 20/20 MP: 2/7
   713 | D:1      | Found Wotuil's Distillery.
  1240 | D:1      | Reached XP level 3. HP: 26/26 MP: 6/8
  1343 | D:2      | Noticed Jessica
  1348 | D:2      | Killed Jessica
  1349 | D:2      | Reached skill level 4 in Earth Magic
  1734 | D:2      | Learned a level 3 spell: Stone Arrow
  1834 | D:2      | Reached XP level 4. HP: 33/33 MP: 5/9
  2078 | D:2      | Reached skill level 5 in Earth Magic
  2393 | D:3      | Noticed Grinder
  2400 | D:3      | Killed Grinder
  2401 | D:3      | Reached skill level 6 in Earth Magic
  2401 | D:3      | Reached XP level 5. HP: 16/38 MP: 4/10
  2401 | D:3      | Reached XP level 6. HP: 19/45 MP: 4/11
  2599 | D:3      | Noticed Terence
  2606 | D:3      | Killed Terence
  2972 | D:3      | Noticed Sigmund
  2988 | D:3      | Killed Sigmund
  3425 | D:4      | Reached skill level 7 in Earth Magic
  3690 | D:4      | Reached XP level 7. HP: 49/50 MP: 11/15
  3997 | D:5      | Entered Level 5 of the Dungeon
  4179 | D:5      | Found a runed translucent door.
  4210 | D:5      | Noticed Edmund
  4219 | D:5      | Killed Edmund
  4522 | D:5      | Reached skill level 8 in Earth Magic
  4604 | D:5      | Found Souh's Armour Shoppe.
  4625 | D:5      | Reached XP level 8. HP: 57/57 MP: 16/18
  4789 | D:5      | Noticed coffeetime's ghost (novice MiBe)
  4969 | D:5      | Reached skill level 5 in Spellcasting
  5284 | D:6      | Reached skill level 9 in Earth Magic
  5521 | D:6      | Found a staircase to the Ecumenical Temple.
  5540 | D:6      | Noticed Duvessa
  5543 | D:6      | Killed Duvessa
  5544 | D:6      | Reached XP level 9. HP: 62/62 MP: 19/22
  5549 | D:6      | Noticed Dowan
  5553 | D:6      | Killed Dowan
  5562 | Temple   | Entered the Ecumenical Temple
  5753 | D:6      | Found a runed translucent gate.
  5754 | D:6      | Found a runed translucent gate.
  5757 | D:6      | Found a runed translucent gate.
  5760 | D:6      | Noticed bairyn's ghost (novice SpRe)
  5784 | D:6      | Noticed a manticore
  5874 | D:6      | Found a runed translucent door.
  5875 | D:6      | Noticed Crazy Yiuf
  6174 | D:7      | Found the +18 Lear's hauberk
  6394 | D:7      | Found a transporter.
  6497 | D:7      | Found a transporter.
  6501 | D:7      | Noticed Wiggles's ghost (novice MiBe)
  6501 | D:7      | Noticed a moth of wrath
  6614 | D:7      | Reached skill level 10 in Earth Magic
  7458 | D:6      | Reached skill level 1 in Fighting
  7459 | D:6      | Killed bairyn's ghost
  7468 | D:6      | Killed a manticore
  7678 | D:6      | Killed Crazy Yiuf
  7861 | D:7      | Killed Wiggles's ghost
  8032 | D:7      | Killed a moth of wrath
  8033 | D:7      | Reached XP level 10. HP: 79/80 MP: 22/26
  8437 | D:8      | Noticed Grum
  8449 | D:8      | Reached skill level 5 in Fighting
  8456 | D:8      | Killed Grum
  8824 | D:8      | Noticed a green ugly thing
  8829 | D:8      | Killed a green ugly thing
  9884 | D:10     | Entered Level 10 of the Dungeon
 10166 | D:10     | Found a staircase to the Orcish Mines.
 10215 | D:10     | Noticed a deep elf pyromancer
 10247 | D:10     | HP: 3/86 [troll (10)]
 10248 | D:10     | Killed from afar by a deep elf pyromancer

Illustrated notes

Levels and vault maps discovered:
D:1:      eino_arrival_druids_welcome, layout_basic, serial_shops,
          nicolae_shop_hallway_stairs
D:2:      layout_loops_corners, uniq_jessica
D:3:      layout_basic, pdpol_wu_jian_five_deadly_venoms,
          mainiacjoe_overflow_tiny_flanked, minmay_liquid_box,
          minmay_misc_feat_four_crosses, serial_bayou_pond_b,
          nicolae_figureground_sparkle, uniq_terence, uniq_grinder, uniq_sigmund
D:4:      kennysheep_six_static_rooms, layout_cave_pools,
          mainiacjoe_overflow_boulevard
D:5:      minmay_octagon_keep, layout_loops_ring, serial_shops,
          nicolae_shop_tiny_glass, ebering_ghost_sewer_d,
          hangedman_abyss_or_decor_passed, uniq_edmund
D:6:      layout_loops_cross, minmay_temple_entry_wispy, gammafunk_ghost_split,
          uniq_crazy_yiuf_cottage, uniq_duvessa
D:7:      layout_basic, gammafunk_ghost_berserking_beasts,
          hellmonk_guarded_unrand_lears
D:8:      layout_basic, minitemple, uniq_grum
D:9:      layout_cave_pods, kennysheep_mini, hangedman_minor_gate_pass
D:10:     layout_loops_ring, trog_antimagical, orc_0_dummy, kennysheep_path_1,
          lightli_fourway_metalbox, uniq_josephine
Temple:   eino_wide_crystal_templ

Skill      XL: |  1  2  3  4  5  6  7  8  9 10 |
---------------+-------------------------------+-----
Earth Magic    | 3 4 6 7 8 9 10 | 10.0
Spellcasting   | 3 4 6 8 9 |  9.9
Fighting       | 4 7 |  7.2
Dodging        | |  1.7
Stealth        | |  1.7
Transmutations | |  0.8

Action                     |  1- 3 |  4- 6 |  7- 9 | 10-12 || total
---------------------------+-------+-------+-------+-------++-------
  Melee: Unarmed           |       |     1 |       |       ||     1
         Halberd           |       |       |     6 |    33 ||    39
   Cast: Sandblast         |    50 |    77 |   140 |   122 ||   389
         Stone Arrow       |       |       |     6 |     5 ||    11
    Use: Potion            |       |       |       |     1 ||     1
 Armour: Robe              |     5 |       |       |       ||     5
         Leather armour    |       |    17 |    19 |       ||    36
         Chain mail        |       |       |    71 |   189 ||   260
         Skin              |       |       |     2 |       ||     2
  Dodge: Dodged            |    17 |    28 |    89 |   102 ||   236
